 Dungeon Crawl Stone Soup version 0.29.1-4-g47bece8355 (webtiles) character file.

Game seed: 15356077075976191969

15 fantasyman the Trooper (level 2, 0/32 HPs)
             Began as an Ogre Fighter on Dec 2, 2022.
             Slain by a kobold
             ... wielding a +0 dagger
              (2 damage)
             ... on level 1 of the Dungeon.
             The game lasted 00:00:25 (473 turns).

fantasyman the Trooper (Ogre Fighter)                Turns: 473, Time: 00:00:25

Health: 0/32       AC:  3    Str: 19    XL:     2   Next: 50%
Magic:  2/2        EV:  8    Int:  9    God:
Gold:   0          SH:  7    Dex:  8    Spells: 1/1 levels left

rFire   . . .      SeeInvis .   a - +0 flail
rCold   . . .      Faith    .   c - +0 kite shield
rNeg    . . .      Spirit   .   b - +0 robe
rPois   .          Reflect  .   (helmet restricted)
rElec   .          Harm     .   (no cloak)
rCorr   .          Rampage  .   (gloves unavailable)
Will    .....                   (boots unavailable)
Stlth   +.........              (no amulet)
HPRegen 0.10/turn               (no ring)
MPRegen 0.08/turn               (no ring)

@: no status effects
A: large, unfitting armour, tough skin 1
a: no special abilities


You were on level 1 of the Dungeon.
You visited 1 branch of the dungeon, and saw 1 of its levels.

Inventory:

Hand Weapons
 a - a +0 flail (weapon)
Armour
 b - a +0 robe (worn)
 c - a +0 kite shield (worn)
Scrolls
 e - a scroll of identify {unknown}
Potions
 d - a potion of might


   Skills:
 + Level 4.2 Fighting
 + Level 2.0 Maces & Flails
 + Level 2.9 Dodging
 + Level 3.2 Shields


You had one spell level left.
You didn't know any spells.
Your spell library was empty.

Dungeon Overview and Level Annotations

Branches:
Dungeon (1/15)

Altars:


Innate Abilities, Weirdness & Mutations

You are too large for most types of armour.
You have tough skin. (AC +1)


Message History

The kobold attacks as you move away! The kobold closely misses you.
Found a scroll labelled BUTWORAEGE.
The kobold throws a stone.
You block the stone.
You see here a scroll labelled EZIYTR UDEOM.
The goblin attacks as you move away! The goblin hits you with a +0 club.
A kobold comes into view. It is wielding a +0 dagger.
The goblin attacks as you move away! You block the goblin's attack.
The kobold shouts!
You block the goblin's attack.
You barely miss the goblin. The goblin hits you with a +0 club.
You closely miss the goblin. You block the goblin's attack.
The goblin hits you with a +0 club.
* * * LOW HITPOINT WARNING * * *
You hit the goblin but do no damage. You block the goblin's attack.
You barely miss the goblin. You block the goblin's attack.
You completely miss the goblin. You block the goblin's attack.
The goblin hits you with a +0 club.
* * * LOW HITPOINT WARNING * * *
You miss the goblin. The goblin barely misses you.
You closely miss the goblin. You block the goblin's attack.
The goblin hits you with a +0 club.
* * * LOW HITPOINT WARNING * * *
You barely miss the goblin. The goblin hits you but does no damage.
You hit the goblin but do no damage. The goblin closely misses you.
The goblin barely misses you.
You barely miss the goblin. You block the goblin's attack.
You miss the goblin. You block the goblin's attack.
You closely miss the goblin. You block the goblin's attack.
The goblin hits you with a +0 club.
* * * LOW HITPOINT WARNING * * *
You thump the goblin!
You kill the goblin!
The kobold throws a stone.
You block the stone. You block the kobold's attack.
Things that are here:
a +0 club; a goblin corpse You hit the kobold.
You kill the kobold!
The kobold hits you with a +0 dagger.
You die...

#...... ..
####.....##.
..........##### #
#$#....#.....#
.........>.##.#
###.#........#.#
......†......#@#
......†....#.#K#
......†#$....#.#######
.......#....?.........
..$....##.............
....... #.........K...
....... #.........?...
....... #.............
####### #......>......


You could see a kobold.

Vanquished Creatures
  2 dart slugs (D:1)
  2 endoplasms (D:1)
  A giant cockroach (D:1)
  2 goblins (D:1)
  A hobgoblin (D:1)
  A bat (D:1)
  A kobold (D:1)
  A rat (D:1)
11 creatures vanquished.

Notes
Turn   | Place    | Note
-------+----------+-------------------------------------------
     0 | D:1      | fantasyman the Ogre Fighter began the quest for the Orb.
     0 | D:1      | Reached XP level 1. HP: 24/24 MP: 1/1
   348 | D:1      | Reached XP level 2. HP: 32/32 MP: 2/2
   473 | D:1      | Slain by a kobold

Illustrated notes

Levels and vault maps discovered:
D:1:      spicycebolla_arrival_ecumenical, layout_basic,
          nicolae_figureground_pulse

Skill      XL: |  1  2 |
---------------+-------+-----
Maces & Flails | 2 |  2.0
Fighting       | |  4.2
Dodging        | |  2.9
Shields        | |  3.2

Action                   || total
-------------------------++-------
Melee: Flail             ||    52
Armor: Robe              ||    20
Dodge: Dodged            ||    25
Block: Kite shield       ||    30
